 Dungeon Crawl Stone Soup version 0.32-a0-377-g951292165a (webtiles) character file.

Game seed: 13128181084234229940

16 lll the Trooper (level 2, 0/25 HPs)
             Began as a Barachi Berserker on Feb 19, 2024.
             Was a Follower of Trog.
             Slain by an endoplasm (1 damage)
             ... on level 4 of the Dungeon.
             The game lasted 00:03:25 (183 turns).

lll the Trooper (Barachi Berserker)                  Turns: 183, Time: 00:03:25

Health: 0/25       AC:  2    Str: 18    XL:     2   Next: 54%
Magic:  2/2        EV: 12    Int:  7    God:    Trog [*.....]
Gold:   45         SH:  0    Dex: 11    Spells: 1/1 levels left

rFire   . . .        a - +0 spear
rCold   . . .        (no shield)
rNeg    . . .        b - +0 animal skin
rPois   .            (no helmet)
rElec   .            (no cloak)
rCorr   .            (no gloves)
SInv    .            (no boots)
Will    .....        (no amulet)
Stlth   +            (no ring)
HPRegen 0.24/turn    (no ring)
MPRegen 0.08/turn

%: no passive effects
@: slow
A: amphibious, slowness 1, strong legs 1, +LOS
a: Hop, Renounce Religion, Berserk


You were on level 4 of the Dungeon.
You worshipped Trog.
Trog was aware of your devotion.
You visited 1 branch of the dungeon, and saw 4 of its levels.

You collected 45 gold pieces.

Inventory:

Hand Weapons
 a - a +0 spear (weapon)
 c - a +0 dagger
 d - a +0 dagger
 e - a +0 dagger
 g - a +0 dagger
Armour
 b - a +0 animal skin (worn)
 h - a +0 robe
Scrolls
 f - a scroll of fog {unknown}


   Skills:
 + Level 4.0 Fighting
 + Level 3.3 Polearms
 + Level 2.5 Armour
 + Level 2.4 Dodging


You had one spell level left.
You didn't know any spells.
Your spell library contained the following spells:

 Spells                   Type           Power      Damage    Failure   Level
 Dazzling Flash           Conj/Hex       0%         N/A       80%         3
 Volatile Blastmotes      Fire/Tloc      0%         2d10      80%         3
 Starburst                Conj/Fire      0%         6d3       100%        6
 Maxwell's Capacitive Co  Air            0%         ∞         100%        8


Dungeon Overview and Level Annotations

Branches:
Dungeon (4/15)
 Temple: D:4-7

Altars:


Innate Abilities, Weirdness & Mutations

You are amphibious.
You cover ground slowly.
You can hop short distances.
You have an extended range of vision and can be seen from far away.


Message History

A goblin comes into view. It is wielding a +0 dagger.
The goblin shouts!
The goblin hits you with a +0 dagger. The goblin closely misses you.
You closely miss the goblin. You hit the goblin.
You kill the goblin!
Trog accepts your kill.
You see here a +0 dagger.
g - a +0 dagger You barely miss the orc.
The orc hits you with a +0 club.
You hit the orc but do no damage. The orc hits you with a +0 club.
You hit the orc but do no damage. You hit the orc but do no damage.
The orc barely misses you.
You hit the orc but do no damage. The orc hits you with a +0 club.
You hit the orc but do no damage. The orc hits you with a +0 club.
You hit the orc but do no damage. The orc hits you with a +0 club.
You hit the orc but do no damage. The orc closely misses you.
You barely miss the orc. The orc hits you with a +0 club.
* * * LOW HITPOINT WARNING * * *
You hit the orc but do no damage. The orc closely misses you.
You hit the orc but do no damage. The orc hits you with a +0 club.
* * * LOW HITPOINT WARNING * * *
The orc hits you but does no damage. The orc hits you with a +0 club.
* * * LOW HITPOINT WARNING * * *
You see here a +0 robe.
h - a +0 robe The orc barely misses you.
The orc attacks as it pursues you! The orc closely misses you.
The orc barely misses you.
An endoplasm comes into view.
An adder and a giant cockroach come into view.
Found an escape hatch in the floor.
The endoplasm hits you.
* * * LOW HITPOINT WARNING * * *
The adder hisses angrily.
The endoplasm closely misses you. The orc hits you with a +0 club.
* * * LOW HITPOINT WARNING * * *
The endoplasm attacks as it pursues you!
The endoplasm hits you.
You die...

#<....r...#..#
#..#.....##B.#
#..# ..###.. #..#
# #.. #..# #.###
######..# #S..
........########.#
#######........oJ#
##########@# #.#
#.# #.# #.# #..
#.# #.# #.#


You could see an adder, an orc, an endoplasm and a giant cockroach.

Vanquished Creatures
  An orc (D:2)
  An endoplasm (D:2)
  2 goblins
  A kobold (D:1)
  3 bats (D:1)
8 creatures vanquished.

Notes
Turn   | Place    | Note
-------+----------+-------------------------------------------
     0 | D:1      | lll the Barachi Berserker began the quest for the Orb.
     0 | D:1      | Reached XP level 1. HP: 18/18 MP: 1/1
    39 | D:1      | Reached XP level 2. HP: 24/25 MP: 2/2
    62 | D:1      | You fall into a shaft and drop 1 floor!
    94 | D:2      | Reached skill level 4 in Fighting
   173 | D:4      | HP: 1/25 [orc/+0 club (3)]
   182 | D:4      | HP: 1/25 [orc/+0 club (1)]
   183 | D:4      | Slain by an endoplasm

Illustrated notes

Levels and vault maps discovered:
D:1:      amcnicky_arrival_blooded_trapdoor, layout_rooms,
          nicolae_kite_square_tiling_tiny, corexii_corridor_pit,
          minmay_tetromino_i2
D:2:      layout_loops_ring, minmay_strange_pillars, kennysheep_doodads,
          chequers_serial_rivers_micro_d
D:3:      layout_loops_ring, serial_shops, shop, biasface_ghost_orc_armoury,
          kennysheep_pointless_box
D:4:      layout_loops_ring, nicolae_shop_gadgets

Skill      XL: |  1  2 |
---------------+-------+-----
Fighting       | 4 |  4.0
Polearms       | |  3.3
Armour         | |  2.5
Dodging        | |  2.4

Action                     || total
---------------------------++-------
  Melee: Spear             ||    27
 Armour: Animal skin       ||    20
  Dodge: Dodged            ||    17

Table legend: (Time is in decaauts)
 A = Elapsed time spent in this place.
 B = Non-inter-level travel time spent in this place.
 C = Inter-level travel time spent in this place.
 D = Time resting spent in this place.
 E = Time spent auto-exploring this place.
 F = Levels seen in this place.
 G = Mean time per level.
                   A        B        C        D        E       F      G
               +--------+--------+--------+--------+--------+-----+--------+
         Total |    208 |     84 |    124 |      0 |      0 |   4 |   52.0 |
       Dungeon |    208 |     84 |    124 |      0 |      0 |   4 |   52.0 |
               +--------+--------+--------+--------+--------+-----+--------+

Top non-repeatable levels by time:
     D:1: 72 daAuts
     D:2: 65 daAuts
     D:4: 36 daAuts
     D:3: 34 daAuts
